 Dungeon Crawl Stone Soup version 0.23-a0-573-g25f4479 (webtiles) character file.

56 rgaf the Insei (level 3, 0/17 HPs)
             Began as a Vine Stalker Transmuter on Dec 14, 2018.
             Succumbed to an adder's poison
             ... on level 2 of the Dungeon.
             The game lasted 00:02:41 (602 turns).

rgaf the Insei (Vine Stalker Transmuter)             Turns: 602, Time: 00:02:41

Health: 0/17       AC:  2    Str: 12    XL:     3   Next: 97%
Magic:  7/7        EV: 12    Int: 14    God:
Gold:   13         SH:  0    Dex: 14    Spells: 5/6 levels left

rFire    . . .     SeeInvis .     - Unarmed
rCold    . . .     Gourm    .   (no shield)
rNeg     . . .     Faith    .   b - +0 robe
rPois    .         Spirit   +   (no helmet)
rElec    .         Reflect  .   (no cloak)
rCorr    .         Harm     .   (no gloves)
MR       .....                  (no boots)
Stlth    +.........             (no amulet)
HPRegen  0.05/turn              (no ring)
MPRegen  0.10/turn              (no ring)

@: confused, lethally poisoned (0 -> -13)
A: fangs 2, magic shield, antimagic bite, no potion heal 3, rot immunity
a: no special abilities


You were on level 2 of the Dungeon.
You were not hungry.

You visited 1 branch of the dungeon, and saw 2 of its levels.

You collected 13 gold pieces.

Inventory:

Missiles
 a - 12 arrows
 j - 44 stones (quivered)
Armour
 b - a +0 robe (worn)
Scrolls
 c - 2 scrolls of identify {unknown}
 e - a scroll of teleportation {unknown}
 h - a scroll of fear {unknown}
 k - 2 scrolls of remove curse {unknown}
Comestibles
 d - 2 rations
 f - 4 chunks of flesh


   Skills:
 - Level 0.8 Fighting
 - Level 1.5 Dodging
 * Level 4.2 Unarmed Combat
 - Level 2.1 Spellcasting
 + Level 2.8 Transmutations


You had 5 spell levels left.
You knew the following spells:

 Your Spells              Type           Power        Failure   Level  Hunger
a - Beastly Appendage     Tmut           #.....       8%          1    #......

Your spell library contained the following spells:

 Spells                   Type           Power        Failure   Level  Hunger
 Sticks to Snakes         Tmut           #.......     11%         2    ###....
 Spider Form              Tmut/Pois      #.........   36%         3    ###....
 Ice Form                 Ice/Tmut       #.......     78%         4    #####..
 Blade Hands              Tmut           #.........   90%         5    ######.


Dungeon Overview and Level Annotations

Branches:
Dungeon (2/15)

Altars:
Yredelemnul

Annotations:
D:2 1 runed door


Innate Abilities, Weirdness & Mutations

You have extremely sharp teeth.
When hurt, damage is shared between your health and your magic reserves.
Your bite disrupts and absorbs the magic of your enemies.
Potions cannot restore your health.
You are immune to rotting.


Message History

The adder closely misses you.
You barely miss the adder. Your bite misses the adder. The adder bites you.
* * * LOW HITPOINT WARNING * * *
You are lethally poisoned!
The adder poisons you!
It was a potion of ambrosia.
You are confused.
Your system rejects the healing.
You feel invigorated.
* * * LOW HITPOINT WARNING * * *
You feel sick. The adder bites you.
* * * LOW HITPOINT WARNING * * *
It was a potion of heal wounds.
That seemed strangely inert.
The adder barely misses you.
You miss the adder. Your bite misses the adder.
* * * LOW HITPOINT WARNING * * *
You feel sick. The adder bites you.
You are more poisoned.
The adder poisons you! The adder completely misses you.
You miss the adder. You bite the adder, but do no damage.
You die...

...####..#.##.###.).....#
...........#..#
####.##....
.####...##...## #.# ##.<
.####.## #.[.# ##.#.. ...
.#.... #..... ..... ..
##.######.....####.....
#..........##......###.
#........#......#....#.
#..........#####@.#
#.......#### #.S.##
#.......# #.###
..###..#######.###... ###
#.####............
#.##...###.####.[.
#....### ...# ###### ...#
....#


You could see an adder.

Vanquished Creatures
  An adder (D:2)
  A shadow imp (D:2)
  An ooze (D:1)
  2 dart slugs
  A leopard gecko (D:1)
  7 bats
  3 giant cockroaches
  A goblin (D:1)
  5 hobgoblins
  5 kobolds
  A quokka (D:2)
  A ball python (D:2)
  3 rats
32 creatures vanquished.

Notes
Turn   | Place    | Note
-------+----------+-------------------------------------------
     0 | D:1      | rgaf the Vine Stalker Transmuter began the quest for the
                  | Orb.
     0 | D:1      | Reached XP level 1. HP: 9/9 MP: 4/4
    63 | D:1      | Reached XP level 2. HP: 13/14 MP: 6/6
   359 | D:1      | Reached XP level 3. HP: 15/17 MP: 7/7
   456 | D:2      | Reached skill level 4 in Unarmed Combat
   471 | D:2      | Found a runed door.
   471 | D:2      | Noticed a human
   477 | D:2      | Found a basalt altar of Yredelemnul.
   602 | D:2      | Succumbed to an adder's poison

Vault maps used:
D:1:      denvon_arrival_planthouse, serial_forest,
          infiniplex_forest_lined_corner, infiniplex_forest_end_1,
          infiniplex_forest_lined_3, infiniplex_forest_clump_cross,
          infiniplex_forest_end_2, infiniplex_forest_lined_corner,
          infiniplex_forest_lined_room_3, st_stairs_11, minmay_tree_intersection
D:2:      corner_web_ring, dk_yredelemnul_ordeal

Skill      XL: |  1  2  3 |
---------------+----------+-----
Unarmed Combat | 4 |  4.2
Fighting       | |  0.8
Dodging        | |  1.5
Spellcasting   | |  2.1
Transmutations | |  2.8

Action                   || total
-------------------------++-------
Melee: Unarmed           ||   101
       Bite              ||    23
       Punch             ||     3
  Use: Potion            ||     2
 Stab: Sleeping          ||     2
Armor: Robe              ||    27
Dodge: Dodged            ||    64

Table legend:
 A = Non-vault XP
 B = Vault XP
 C = Vault XP percentage of total XP
 D = Non-vault monster count
 E = Vault monster count
 F = Vault count percentage of total count
                 A         B        C        D         E       F
            +---------+---------+-------+---------+---------+-------
      Total |      63 |      18 |  22.2 |      26 |       6 |  18.8
            +---------+---------+-------+---------+---------+-------
        D:1 |      16 |      18 |  52.9 |      11 |       6 |  35.3
        D:2 |      47 |       0 |   0.0 |      15 |       0 |   0.0
            +---------+---------+-------+---------+---------+-------
